Description

-How 'bout proxy? -they said. -Proxy!?! But that's Impossible! -No, just belive us, we know how to play. -Oh... Okay, I'll try this. -Said Grimlok and went to the ladder.

Well, that's works.

Replay - AlexUA v llllllllllll - Ascension to Aiur LE

Build Order

Get SALT Encoding   

  12  0:00  Probe  
  13  0:13  Probe  
  14  0:18  Pylon  
  14  0:25  Probe (Chrono Boost)  
  15  0:37  Probe (Chrono Boost)  
  15  0:39  Gateway  
  16  0:45  Probe (Chrono Boost)  
  17  0:53  Probe  
  17  0:54  Assimilator  
  18  1:05  Probe (Chrono Boost)  
  19  1:17  Probe x2 (Chrono Boost)  
  21  1:29  Nexus  
  21  1:41  Cybernetics Core  
  21  1:43  Probe  
  22  1:50  Assimilator  
  22  1:55  Pylon  
  24  2:18  Robotics Facility  
  24  2:27  Warp Gate  
  24  2:28  Adept  
  30  2:52  Gateway  
  33  3:11  Robotics Bay  
  36  3:21  Assimilator  
  39  3:38  Sentry  
  41  3:42  Assimilator  
  41  3:44  Pylon x2  
  45  4:02  Colossus (Chrono Boost)  
  54  4:13  Gateway x2  
  54  4:20  Twilight Council  
  54  4:29  Gateway  
  56  4:34  Sentry x2  
  60  4:47  Nexus  
  60  4:52  Pylon  
  60  5:02  Resonating Glaives (Chrono Boost)  
  60  5:09  Colossus (Chrono Boost)  
  60  5:11  Gateway  
  66  5:16  Gateway  
  66  5:19  Sentry x2  
  70  5:26  Gateway  
  70  5:35  Sentry x2  
  74  5:52  Adept x2  
  78  5:59  Observer  
  79  6:07  Adept x4  
  87  6:16  Shield Battery x2  
  87  6:23  Adept x2  
  91  6:28  Shield Battery  
  91  6:32  Adept  
  81  6:56  Sentry  
  91  7:06  Shield Battery  
  93  7:22  Shield Battery x2  
  99  7:24  Sentry  
  95  7:45  Sentry  
Spawning Tool Build Advisor. Get it on Overwolf

Go to:

Details

  • Created by: GrimlokFox
  • Published on: Jul 27, 2019
  • Modified on: Jul 27, 2019
  • Patch: 4.7.1
Show
View Real Time Build Order
Export as new Build Order

Comments (0)

There are no comments. Be the first!

Create an account to comment!